Map: Ever Dream LE

Players

FloridaMan

  • Race: Terran Terran
  • League: Master
  • Spawn Location: 7:00

MaruKondo - Winner!

  • Race: Terran Terran
  • League: Grandmaster
  • Spawn Location: 1:00

VOD

Have the link to the VOD?

Description

Time

  • Played on: May 25, 2020, 11:32 a.m.
  • Length: 11:24
Show
View Real Time Build Order
Export as new Build Order

FloridaMan Terran 

Build Orders: Gas First Reaper Expand 

Get SALT Encoding   

  12  0:00  SCV  
  13  0:12  SCV  
  14  0:16  Supply Depot  
  14  0:24  SCV  
  15  0:31  Refinery  
  15  0:38  SCV  
  16  0:44  Barracks  
  16  0:50  SCV  
  17  1:02  SCV  
  18  1:14  SCV  
  19  1:30  Orbital Command  
  19  1:31  Reaper  
  20  1:45  Command Center  
  20  1:52  Bunker  
  20  1:56  SCV  
  20  2:05  Factory  
  20  2:08  Barracks Reactor  
  20  2:14  Supply Depot  
  20  2:16  SCV  
  20  2:22  Refinery  
  21  2:28  SCV  
  22  2:40  SCV  
  23  2:53  SCV  
  23  2:57  Orbital Command, Hellion x2  
  28  3:03  Starport, Barracks Tech Lab  
  28  3:08  SCV  
  29  3:18  Hellion x2  
  33  3:20  SCV  
  33  3:23  SCV  
  35  3:32  SCV  
  36  3:35  SCV  
  37  3:44  SCV  
  37  3:48  SCV  
  39  3:49  Starport Tech Lab  
  39  3:50  Cyclone  
  39  3:53  Supply Depot  
  42  3:56  SCV  
  43  4:05  Marine x2  
  43  4:06  SCV  
  46  4:10  Refinery  
  46  4:14  Raven, SCV  
  46  4:16  Supply Depot  
  49  4:18  SCV  
  49  4:21  Command Center  
  50  4:26  Siege Tank  
  50  4:30  SCV  
  54  4:36  Supply Depot  
  54  4:37  SCV  
  55  4:41  Marine x2  
  55  4:42  SCV  
  58  4:49  SCV  
  59  4:53  Barracks  
  59  4:54  SCV  
  59  4:57  Raven  
  62  5:00  Barracks  
  62  5:02  SCV  
  62  5:03  Marine x2  
  62  5:06  SCV  
  65  5:14  SCV  
  66  5:17  Supply Depot  
  66  5:19  SCV  
  67  5:25  Refinery  
  67  5:26  SCV  
  68  5:31  SCV  
  68  5:33  Siege Tank  
  68  5:34  Orbital Command  
  72  5:39  SCV  
  72  5:41  Engineering Bay  
  73  5:42  Engineering Bay  
  73  5:48  Starport Reactor  
  73  5:50  Barracks Reactor  
  73  5:51  SCV x2  
  73  5:55  Marine  
  73  5:56  Stimpack  
  76  5:59  SCV  
  76  6:02  Marine x2  
  76  6:03  SCV  
  80  6:05  Siege Tank  
  80  6:06  Supply Depot  
  83  6:13  SCV x2  
  83  6:15  SCV  
  83  6:16  Terran Infantry Weapons Level 1, Terran Infantry Armor Level 1  
  84  6:21  Marine  
  84  6:22  Marine x2  
  87  6:25  SCV  
  87  6:28  Marine x2  
  87  6:30  SCV  
  91  6:33  Barracks  
  91  6:34  Barracks  
  91  6:38  Siege Tank  
  91  6:39  Marine x3, Medivac  
  97  6:42  SCV  
  97  6:46  Orbital Command, Supply Depot  
  100  6:49  SCV  
  101  7:04  Supply Depot  
  101  7:05  Supply Depot  
  101  7:06  SCV  
  101  7:07  SCV  
  102  7:10  Marine x5  
  102  7:13  SCV  
  108  7:18  SCV  
  108  7:19  SCV  
  108  7:22  Armory  
  109  7:23  Barracks Reactor, Barracks Tech Lab  
  109  7:26  SCV, Supply Depot  
  109  7:28  Marine x2  
  112  7:30  SCV  
  112  7:31  Marine  
  112  7:32  Marine x2, SCV  
  112  7:36  Combat Shield  
  117  7:38  SCV  
  117  7:39  Supply Depot  
  117  7:41  Supply Depot  
  117  7:43  Supply Depot  
  117  7:44  SCV  
  120  7:45  Marine x2  
  120  7:50  Marine x2  
  123  7:52  Marine  
  123  7:53  SCV  
  123  7:55  SCV  
  123  7:56  SCV  
  123  7:58  Barracks Reactor  
  127  8:03  Marine x2  
  128  8:07  Marine  
  128  8:08  Marine x3  
  132  8:13  Marine  
  132  8:16  Terran Infantry Weapons Level 2  
  132  8:17  Terran Infantry Armor Level 2  
  133  8:20  Command Center  
  133  8:22  Marine x2  
  133  8:25  Marine  
  135  8:27  SCV  
  135  8:28  SCV x2  
  137  8:41  Marine x7  
  144  8:56  Supply Depot  
  144  8:57  Marine, Supply Depot x2, SCV x2  
  144  8:58  Marine  
  127  9:12  Marine x4  
  127  9:13  Command Center  
  127  9:17  Marine x5  
  111  9:27  SCV x2  
  111  9:30  Marine x4  
  117  9:36  Marine x3  
  117  9:37  Marine x2  
  122  9:39  SCV  
  123  9:47  Marine x2  
  123  9:48  Marine x2  
  127  9:54  SCV, Marine x2  
  130  10:02  Marine x3  
  130  10:05  Marine  
  134  10:10  Marine x3  
  137  10:16  Marine  
  137  10:17  Marine  
  137  10:20  Marine x2  
  138  10:31  Marine x5  
  138  10:35  Marine x2  
  139  10:38  Marine  
  139  10:41  Marine  
  142  10:48  Marine  
  142  10:49  Marine x4  
  147  10:53  Marine  
  123  10:57  Marine x2  
  123  10:59  Marine  
Show
View Real Time Build Order
Export as new Build Order

MaruKondo Terran - Winner!

Build Orders:  

Get SALT Encoding   

  12  0:01  SCV  
  13  0:13  SCV  
  14  0:17  Supply Depot  
  14  0:26  SCV  
  15  0:29  Refinery  
  15  0:38  SCV  
  16  0:45  Barracks  
  16  0:50  SCV  
  17  1:03  SCV  
  18  1:15  SCV  
  19  1:32  Orbital Command, Reaper  
  20  1:59  SCV  
  20  2:01  Factory  
  21  2:03  Command Center  
  21  2:07  Barracks Reactor  
  21  2:12  Refinery  
  21  2:13  SCV  
  22  2:20  Supply Depot  
  22  2:26  SCV  
  23  2:42  SCV  
  24  2:44  Marine x2  
  24  2:45  Factory Tech Lab  
  24  2:48  Starport  
  26  2:54  SCV  
  27  3:02  Marine x2  
  29  3:06  SCV  
  30  3:14  Cyclone  
  30  3:15  Orbital Command  
  30  3:18  SCV  
  34  3:30  SCV  
  34  3:31  Refinery, Starport Tech Lab  
  35  3:36  Supply Depot  
  35  3:42  SCV  
  35  3:45  SCV  
  36  3:54  SCV  
  37  3:57  SCV, Marine  
  37  3:58  Marine, Siege Tank  
  43  4:06  SCV  
  44  4:11  SCV  
  44  4:12  Raven  
  44  4:15  Supply Depot  
  47  4:18  SCV  
  47  4:23  SCV  
  49  4:30  Siege Tank  
  49  4:31  SCV  
  53  4:35  SCV, Command Center  
  54  4:43  SCV  
  55  4:45  Supply Depot  
  55  4:46  Marine x2  
  55  4:47  SCV  
  55  4:52  Supply Depot  
  58  4:54  Raven  
  58  4:55  SCV  
  58  4:59  SCV  
  62  5:07  Siege Tank, SCV  
  62  5:11  SCV  
  62  5:13  Marine x2  
  69  5:19  SCV  
  70  5:23  SCV, Supply Depot  
  71  5:31  SCV  
  71  5:33  Refinery  
  74  5:35  SCV  
  74  5:39  Siege Tank  
  76  5:46  Starport Reactor  
  76  5:48  SCV x2  
  78  6:00  SCV x2  
  78  6:01  Stimpack  
  78  6:02  Marine  
  78  6:03  Barracks  
  81  6:04  Barracks  
  81  6:09  Engineering Bay  
  81  6:10  Engineering Bay  
  84  6:11  Siege Tank  
  84  6:12  SCV  
  84  6:13  SCV  
  86  6:20  Marine  
  86  6:24  SCV  
  86  6:25  SCV  
  89  6:26  Orbital Command  
  89  6:32  Medivac  
  89  6:33  Medivac  
  89  6:34  Barracks x2  
  89  6:37  SCV x2  
  89  6:38  Marine  
  96  6:41  Supply Depot  
  96  6:42  Supply Depot  
  96  6:43  Siege Tank  
  96  6:46  Terran Infantry Weapons Level 1, Terran Infantry Armor Level 1  
  99  6:49  SCV x2  
  101  7:03  SCV x2  
  101  7:06  Missile Turret  
  103  7:11  Missile Turret  
  103  7:12  Marine x3  
  103  7:15  Siege Tank  
  109  7:16  Marine x2, Starport Reactor  
  109  7:17  SCV x2  
  109  7:21  SCV  
  114  7:22  Refinery  
  114  7:23  Refinery  
  114  7:25  Barracks Reactor x2, Supply Depot  
  114  7:26  Supply Depot  
  114  7:29  SCV x2  
  116  7:30  Marine  
  116  7:33  SCV  
  118  7:42  SCV x2  
  118  7:44  Marine x4  
  119  7:45  SCV  
  119  7:47  Marine, Sensor Tower  
  119  7:51  Siege Tank  
  128  7:52  Armory  
  128  7:53  Medivac  
  128  7:54  SCV, Medivac  
  133  8:02  Marine x4  
  133  8:05  Marine  
  137  8:17  Command Center  
  137  8:19  Marine  
  137  8:22  Marine  
  137  8:23  Marine x7  
  143  8:37  Marine  
  143  8:40  Marine x5  
  149  8:47  Terran Infantry Weapons Level 2, Terran Infantry Armor Level 2  
  149  8:52  Sensor Tower  
  149  9:09  Marine x3  
  149  9:10  Marine, Siege Tank  
  149  9:11  Marine x3  
  149  9:12  Marine x2  
  138  9:27  Marine x4  
  138  9:29  Marine x3  
  138  9:30  Marine x2, Terran Vehicle Weapons Level 1  
  145  9:31  Command Center, Factory  
  145  9:33  Planetary Fortress  
  145  9:37  Missile Turret x2  
  145  9:39  Missile Turret  
  145  9:40  Missile Turret  
  145  9:42  Siege Tank  
  145  9:45  Marine x4  
  149  9:47  Marine  
  153  9:55  Marine x3  
  153  9:56  Marine  
  157  10:01  Medivac x2  
  157  10:03  Marine x3  
  164  10:29  Siege Tank  
  164  10:31  Marine  
  164  10:33  Marine x2  
  164  10:43  Marine x6, Medivac x2  
  164  10:49  Marine  
  175  10:51  Marine x2  
  166  11:00  Marine x6  
Tags
 
Add a new tag
Caveats
  • Supply blocks, unpowered buildings, or Contaminate may cause inaccurate times.
  • Supply counts are checked every 10 seconds.